 Dungeon Crawl Stone Soup version 0.21.1-1-g345015fe64 (webtiles) character file.

140 Kohma the Sneak (level 5, -1/24 HPs)
             Began as a Vine Stalker Enchanter on June 16, 2018.
             Slain by Grinder (3 damage)
             ... in the Ecumenical Temple.
             The game lasted 00:08:03 (2563 turns).

Kohma the Sneak (Vine Stalker Enchanter)            Turns: 2563, Time: 00:08:03

Health: -1/24      AC:  7    Str: 12    XL:     5   Next: 23%
Magic:  0/9        EV: 11    Int: 15    God:
Gold:   91         SH:  0    Dex: 14    Spells: 3/8 levels left

rFire    . . .     SeeInvis .   a - +1 dagger
rCold    + . .     Gourm    .   (no shield)
rNeg     . . .     Faith    .   f - +1 ring mail {rC+}
rPois    .         Spirit   +   (no helmet)
rElec    .         Reflect  .   (no cloak)
rCorr    .         Harm     .   u - +0 pair of gloves
MR       .....                  (no boots)
Stlth    ++........             (no amulet)
HPRegen  0.48/turn              (no ring)
MPRegen  0.11/turn              (no ring)

@: no status effects
A: fangs 2, regeneration 1, magic shield, antimagic bite, no potion heal 3, rot
immunity
a: no special abilities


You were in the Ecumenical Temple.
You were hungry.

You visited 2 branches of the dungeon, and saw 5 of its levels.

You collected 91 gold pieces.

Inventory:

Hand Weapons
 a - a +1 dagger (weapon)
 h - a +0 dagger
 m - a +0 hunting sling
 v - a +2 short sword of holy wrath
Missiles
 g - 36 sling bullets
 t - 8 javelins (quivered)
Armour
 b - a +0 robe
 f - a +1 ring mail of cold resistance (worn)
 u - a +0 pair of gloves (worn)
Scrolls
 e - 5 scrolls of identify {unknown}
 i - 3 scrolls of teleportation {unknown}
 k - 2 scrolls of blinking {unknown}
 l - a scroll of remove curse {unknown}
 n - a scroll of fog {unknown}
 y - a scroll of enchant weapon {unknown}
Potions
 j - 2 potions of heal wounds {unknown}
 o - 3 potions of curing {unknown}
 p - a potion of berserk rage {unknown}
 r - a potion of flight {unknown}
 w - a potion of brilliance {unknown}
 x - a potion of ambrosia {unknown}
 z - a potion of might {unknown}
Books
 c - a book of Maledictions

   Spells                             Type                      Level
   a - Corona                         Hexes                        1
   b - Ensorcelled Hibernation        Hexes/Ice                    2
   c - Confuse                        Hexes                        3
   d - Tukima's Dance                 Hexes                        3
   e - Dazzling Spray                 Conjuration/Hexes            3
 s - a book of Minor Magic

   Spells                             Type                      Level
   a - Magic Dart                     Conjuration                  1
   b - Blink                          Translocation                2
   c - Call Imp                       Summoning                    2
   d - Slow                           Hexes                        2
   e - Conjure Flame                  Conjuration/Fire             3
   f - Mephitic Cloud                 Conjuration/Poison/Air       3
Comestibles
 d - 3 rations
 q - 6 chunks of flesh


   Skills:
 + Level 2.1 Short Blades
 + Level 2.3 Dodging
 + Level 4.6 Stealth
 - Level 2.1 Spellcasting
 * Level 4.2 Hexes


You had 3 spell levels left.
You knew the following spells:

 Your Spells              Type           Power        Failure   Level  Hunger
a - Corona                Hex            ##.....      9%          1    #......
b - Ensorcelled Hibernat  Hex/Ice        #.....       30%         2    ###....
c - Blink                 Tloc           N/A          58%         2    ###....


Dungeon Overview and Level Annotations

Branches:
Dungeon (4/15)             Temple (1/1) D:4

Altars:
Nemelex Xobeh
Zin

Annotations:
Temple Grinder


Innate Abilities, Weirdness & Mutations

You have extremely sharp teeth.
Your natural rate of healing is unusually fast.
When hurt, damage is shared between your health and your magic reserves.
Your bite disrupts and absorbs the magic of your enemies.
Potions cannot restore your health.
You are immune to rotting.


Message History

You are feeling hungry.
Grinder gestures at you.
You suddenly lose the ability to move!
Grinder blinks!
You can move again.
Grinder gestures at you. You resist with some effort.
Casting: Corona
Confirm with . or Enter, or press ? or * to list all spells.
Aiming: Corona
Press: ? - help, Shift-Dir - straight line, f/p - Grinder
Aim: Grinder (chance to defeat MR: 50%) Grinder struggles to resist.
Grinder hits you!
* * * LOW HITPOINT WARNING * * *
You writhe in agony.
* * * LOW HITPOINT WARNING * * *
You hit Grinder but do no damage. Your bite misses Grinder. Grinder hits you.
* * * LOW HITPOINT WARNING * * *
You writhe in agony.
You die...

≈≈≈≈≈≈≈≈≈≈≈≈≈≈≈
≈≈≈≈≈≈≈≈≈≈≈≈≈≈≈
≈≈≈≈≈≈≈≈≈≈≈≈≈≈≈
≈≈≈≈≈≈≈≈≈≈≈≈≈≈≈
...............
...............
.⌠.....<.....⌠.
...............
.......@.......
≈≈≈≈≈..5..≈≈≈≈≈
≈≈≈≈≈≈...≈≈≈≈≈≈
≈≈≈≈≈≈...≈≈≈≈≈≈
≈≈≈≈≈≈...≈≈≈≈≈≈
≈≈≈≈≈≈...≈≈≈≈≈≈
≈≈≈≈≈≈...≈≈≈≈≈≈
≈≈≈≈≈≈...≈≈≈≈≈≈


You could see Grinder.

Vanquished Creatures
  A scorpion (D:4)
  3 adders
  An adder skeleton (D:3)
  A worm (D:2)
  3 dart slugs
  A leopard gecko (D:2)
  2 ball pythons
  9 bats
  2 giant cockroaches (D:1)
  6 goblins
  7 hobgoblins
  5 kobolds
  5 frilled lizards
  6 rats
52 creatures vanquished.

Notes
Turn   | Place    | Note
-------+----------+-------------------------------------------
     0 | D:1      | Kohma the Vine Stalker Enchanter began the quest for the Orb.
     0 | D:1      | Reached XP level 1. HP: 9/9 MP: 4/4
    23 | D:1      | Reached skill level 1 in Short Blades
   367 | D:1      | Reached XP level 2. HP: 12/13 MP: 3/6
   374 | D:1      | Learned a level 2 spell: Ensorcelled Hibernation
  1290 | D:2      | Reached XP level 3. HP: 7/16 MP: 3/7
  1737 | D:2      | Found a sparkling altar of Nemelex Xobeh.
  2066 | D:2      | Learned a level 2 spell: Blink
  2114 | D:2      | Gained mutation: Your natural rate of healing is unusually fast. [Vine Stalker growth]
  2114 | D:2      | Reached XP level 4. HP: 21/21 MP: 8/8
  2296 | D:3      | Found a glowing silver altar of Zin.
  2503 | D:4      | Reached XP level 5. HP: 24/24 MP: 4/9
  2515 | D:4      | Found a staircase to the Ecumenical Temple.
  2524 | D:4      | Noticed Grinder
  2543 | D:4      | Paralysed by Grinder for 7 turns
  2551 | Temple   | Entered the Ecumenical Temple
  2555 | Temple   | Paralysed by Grinder for 5 turns
  2563 | Temple   | Slain by Grinder

Skill      XL: |  1  2  3  4 |
---------------+-------------+-----
Short Blades   | 1 2 |  2.1
Stealth        | 4 |  4.6
Dodging        | 2 |  2.3
Hexes          | 4 |  4.2
Spellcasting   | |  2.1

Action                   |  1- 3 |  4- 6 || total
-------------------------+-------+-------++-------
Melee: Dagger            |   128 |    43 ||   171
       Bite              |    25 |     8 ||    33
 Cast: Corona            |    12 |     2 ||    14
       Ensorcelled Hiber |     9 |     2 ||    11
 Stab: Sleeping          |     8 |     2 ||    10
       Distracted        |       |     1 ||     1
  Eat: Chunk             |     5 |     1 ||     6
Armor: Ring mail         |    65 |    34 ||    99
Dodge: Dodged            |    95 |    52 ||   147
